AoeStats
← Indraccovski

Arena

504837541Analyzed
2v2 RM · 27d ago on Sep 6, 2026· 48m 2s· 4 players
Game mode
Random Map
Map size
Medium (4 player)
Population
200
Speed
Normal
Resources
Standard
Victory
Conquest
Starting age
Dark Age
Ending age
Imperial Age
RankedLock teamsTeams togetherTeam positionsShared explorationLock speedFull tech treeHidden civsTurbo modeCheats
Victory
Defeat
🇨🇭 Teutons · Switzerland
1286
+12
🇨🇭 Bohemians · Switzerland
1271
+13
🇹🇷 Turks · Türkiye
1280
-16
🇹🇷 Spanish · Türkiye
1113
-9
KAWA!
0:25 Loom
10:21 Feudal Age
14:42 Castle Age
18:29 Double-Bit Axe
29:58 Imperial Age
41:41 Horse Collar
42:13 Bow Saw
The Horse
9:47 Loom
11:35 Feudal Age
14:23 Double-Bit Axe
18:46 Castle Age
25:19 Horse Collar
25:52 Bow Saw
30:12 Padded Archer Armor
31:14 Bloodlines
31:06 Husbandry
33:05 Leather Archer Armor
38:28 Imperial Age
37:10 Wheelbarrow
38:40 Hand Cart
39:46 Ring Archer Armor
40:18 Chemistry
39:10 Elite Conquistador
40:12 Conscription
Fux
6:19 Loom
9:21 Feudal Age
10:10 Double-Bit Axe
11:29 Horse Collar
15:39 Fletching
22:13 Castle Age
21:37 Wheelbarrow
25:18 Heavy Plow
25:32 Bow Saw
26:56 Gold Mining
29:53 Forging
29:49 Scale Barding Armor
31:29 Iron Casting
31:26 Bloodlines
32:13 Chain Barding Armor
31:49 Bodkin Arrow
35:48 Imperial Age
36:30 Stone Mining
36:03 Cavalier
37:06 Conscription
37:25 Plate Barding Armor
37:50 Blast Furnace
37:42 Crop Rotation
38:14 Two-Man Saw
38:32 Stone Shaft Mining
38:22 Hand Cart
37:53 Town Watch
40:55 Elite Skirmisher
42:02 Town Patrol
43:18 Ballistics
43:58 Chemistry
43:04 Siege Engineers
43:11 Fortified Wall
43:12 Masonry
43:25 Crenellations
43:25 Ironclad
43:49 Hoardings
43:41 Paladin
Indraccovski
10:07 Feudal Age
13:39 Castle Age
11:53 Double-Bit Axe
14:10 Loom
26:37 Bow Saw
27:44 Wheelbarrow
31:31 Imperial Age
29:21 Scale Barding Armor
29:43 Horse Collar
30:35 Chain Barding Armor
30:34 Forging
31:07 Husbandry
36:14 Fletching
36:24 Padded Archer Armor
38:09 Two-Man Saw
37:12 Heavy Plow
37:41 Hand Cart
37:23 Bodkin Arrow
38:05 Iron Casting
38:37 Chemistry
37:15 Elite Skirmisher
38:22 Bracer
39:07 Ballistics
39:16 Leather Archer Armor
40:43 Ring Archer Armor
45:11 Siege Engineers
45:49 Houfnice
Connection lost

Rejoining the realm…

Still unreachable

The connection could not be restored.

Session expired

The server has moved on; the page needs a fresh start.